 Dungeon Crawl Stone Soup version 0.23-a0-435-g79ed067 (webtiles) character file.

172 UsaSuks the Ruffian (level 5, -3/53 HPs)
             Began as a Troll Monk on Nov 15, 2018.
             Slain by Crazy Yiuf
             ... wielding a +3 quarterstaff of chaos
              (8 damage)
             ... on level 3 of the Dungeon.
             The game lasted 00:04:07 (2831 turns).

UsaSuks the Ruffian (Troll Monk)                    Turns: 2831, Time: 00:04:08

Health: -3/53      AC:  5    Str: 19    XL:     5   Next: 27%
Magic:  4/4        EV: 10    Int:  7    God:
Gold:   174        SH:  0    Dex: 12    Spells: 4/4 levels left

rFire    . . .     SeeInvis .     - Unarmed
rCold    . . .     Gourm    +   (no shield)
rNeg     . . .     Faith    .   a - +0 robe
rPois    .         Spirit   .   (helmet restricted)
rElec    .         Reflect  .   (no cloak)
rCorr    .         Harm     .   (gloves unavailable)
MR       .....                  (boots unavailable)
Stlth    +.........             (no amulet)
HPRegen  0.57/turn              (no ring)
MPRegen  0.09/turn              (no ring)

@: slowed, drained, very slow
A: large, unfitting armour, claws 3, fast metabolism 3, gourmand, regeneration
1, shaggy fur 1, tough skin 2
a: no special abilities


You were on level 3 of the Dungeon.
You were completely stuffed.

You visited 1 branch of the dungeon, and saw 3 of its levels.

You collected 174 gold pieces.

Inventory:

Armour
 a - a +0 robe (worn)
Scrolls
 d - 2 scrolls of identify {unknown}
 e - 2 scrolls of magic mapping {unknown}
 f - a scroll of enchant weapon {unknown}
 g - 4 scrolls of remove curse {unknown}
 j - a scroll of blinking {unknown}
Potions
 c - 4 potions of curing {unknown}
 h - a potion of heal wounds {unknown}
 i - a potion of cancellation {unknown}
 l - a potion of ambrosia {unknown}
 m - a potion of haste {unknown}
Comestibles
 b - 8 rations


   Skills:
 - Level 3.0(2.7) Fighting
 - Level 2.4(2.1) Dodging
 - Level 1.0(0.7) Stealth
 + Level 5.6(5.3) Unarmed Combat


You had 4 spell levels left.
You didn't know any spells.
Your spell library was empty.

Dungeon Overview and Level Annotations

Branches:
Dungeon (3/15)

Altars:
Okawaru

Annotations:
D:1 exclusion: 2 downstairs
D:2 Sigmund
D:3 Crazy Yiuf


Innate Abilities, Weirdness & Mutations

You are too large for most types of armour.
You have claws for hands.
Your metabolism is lightning-fast.
You like to eat raw meat.
Your natural rate of healing is unusually fast.
You are covered in fur. (AC +1)
You have very tough skin. (AC +2)


Message History

You scratch Crazy Yiuf but do no damage.
Crazy Yiuf is moderately wounded.
Crazy Yiuf closely misses you.
You scratch Crazy Yiuf but do no damage.
Crazy Yiuf is moderately wounded.
Crazy Yiuf hits you with a +3 quarterstaff of chaos!
You feel drained.
You are too injured to fight recklessly!
You are too injured to fight recklessly!
You are too injured to fight recklessly!
You scratch Crazy Yiuf but do no damage.
Crazy Yiuf is moderately wounded.
Crazy Yiuf screams, "Race!"
Crazy Yiuf hits you with a +3 quarterstaff of chaos.
You are electrocuted!
* * * LOW HITPOINT WARNING * * *
You scratch Crazy Yiuf.
Crazy Yiuf is severely wounded.
Crazy Yiuf hits you with a +3 quarterstaff of chaos!
You die...

#.#
#.#####.######)#
####.####
#.##....÷)).....
#.......#
#.##.##.###.####
#.##.##.#
#...(...# #.####
#.#######
######### #.....
#.# #.##.# #.###
##### #.##.#
#...# #.g)#
#..... #####
#.@.# #.##.#
#...# #.....
##'## ####.#
♣♣.♣ #.# ♣.♣♣
#.# ♣♣.♣ #.#
♣.♣♣ #.# ♣♣.♣♣
#.# ♣.P.♣♣ #.#


You could see Crazy Yiuf.

Vanquished Creatures
  2 orc wizards (D:3)
  5 adders
  4 orcs (D:3)
  3 giant cockroaches
  5 goblins
  9 hobgoblins
  7 jackals
  3 quokkas (D:3)
  9 bats
  3 frilled lizards
  11 kobolds
  4 rats
65 creatures vanquished.

Notes
Turn   | Place    | Note
-------+----------+-------------------------------------------
     0 | D:1      | UsaSuks the Troll Monk began the quest for the Orb.
     0 | D:1      | Reached XP level 1. HP: 22/22 MP: 0/0
   157 | D:1      | Reached XP level 2. HP: 29/29 MP: 1/1
   879 | D:2      | Reached XP level 3. HP: 35/36 MP: 2/2
   955 | D:2      | Reached skill level 4 in Unarmed Combat
  1136 | D:2      | Noticed Sigmund
  1956 | D:3      | Found a faded altar of an unknown god.
  1971 | D:3      | Reached XP level 4. HP: 40/45 MP: 3/3
  2254 | D:3      | Reached skill level 5 in Unarmed Combat
  2270 | D:3      | Reached XP level 5. HP: 32/53 MP: 4/4
  2370 | D:3      | Found an iron altar of Okawaru.
  2817 | D:3      | Found a runed door.
  2821 | D:3      | Noticed Crazy Yiuf
  2831 | D:3      | Slain by Crazy Yiuf

Vault maps used:
D:1:      giann_forest_graveyard, hangedman_decor_growths, minmay_fountain_box,
          minmay_pentomino_x2
D:2:      uniq_sigmund
D:3:      okawaru_trees_2, chequers_ecumenical_altar_island,
          uniq_crazy_yiuf_cottage

Skill      XL: |  1  2  3  4 |
---------------+-------------+-----
Fighting       | 3 |  3.0
Unarmed Combat | 4 5 |  5.6
Dodging        | |  2.4
Stealth        | |  1.0

Action                   |  1- 3 |  4- 6 || total
-------------------------+-------+-------++-------
Melee: Unarmed           |   108 |    70 ||   178
       Punch             |     2 |       ||     2
 Stab: Sleeping          |     6 |     4 ||    10
       Distracted        |     1 |       ||     1
  Eat: Chunk             |    18 |    13 ||    31
Armor: Robe              |    48 |    15 ||    63
Dodge: Dodged            |    63 |    26 ||    89

Table legend:
 A = Non-vault XP
 B = Vault XP
 C = Vault XP percentage of total XP
 D = Non-vault monster count
 E = Vault monster count
 F = Vault count percentage of total count
                 A         B        C        D         E       F
            +---------+---------+-------+---------+---------+-------
      Total |     245 |       2 |   0.8 |      64 |       1 |   1.5
            +---------+---------+-------+---------+---------+-------
        D:1 |      35 |       2 |   5.4 |      22 |       1 |   4.3
        D:2 |      38 |       0 |   0.0 |      10 |       0 |   0.0
        D:3 |     172 |       0 |   0.0 |      32 |       0 |   0.0
            +---------+---------+-------+---------+---------+-------
